[ AOE2 MATCH · #476705349 ]
Team RMFranks vs Goths
[ REPLAY ANALYSIS · EXTRACTED FROM THE RECORDED GAME ]
Feudal
18:16
Castle
24:30
Imperial
43:56
| APM avg | 15.3 |
| APM peak | 51 |
| eAPM avg | 8.2 |
| Villagers / military | 118 / 53 |
Focus
⚔️ 20.7% · 🌾 79.3%
Knight ×37 · Fishing Ship ×19 · Scout Cavalry ×6 · Mangonel ×5 · Fire Galley ×3 · Unknown (2626) ×2
Feudal
14:09
Castle
25:02
Imperial
34:44
| APM avg | 30.7 |
| APM peak | 76 |
| eAPM avg | 19.9 |
| Villagers / military | 102 / 154 |
Focus
⚔️ 28.4% · 🌾 71.6%
Scout Cavalry ×62 · Karambit Warrior ×45 · Fishing Ship ×40 · Spearman ×34 · Unknown (2626) ×11 · Trebuchet (Packed) ×6
Feudal
14:09
Castle
22:31
Imperial
35:51
| APM avg | 36.9 |
| APM peak | 99 |
| eAPM avg | 17.2 |
| Villagers / military | 135 / 88 |
Focus
⚔️ 34.4% · 🌾 65.6%
Camel Scout ×43 · Archer ×37 · Gbeto ×8 · Fishing Ship ×7
Feudal
18:02
Castle
21:58
Imperial
47:37
| APM avg | 16.9 |
| APM peak | 51 |
| eAPM avg | 9.1 |
| Villagers / military | 71 / 51 |
Focus
⚔️ 28.3% · 🌾 71.7%
Rattan Archer ×44 · Battering Ram ×6 · Fishing Ship ×5 · Fire Lancer ×1
Feudal
17:31
Castle
22:37
Imperial
—
| APM avg | 15.3 |
| APM peak | 26 |
| eAPM avg | 9.5 |
| Villagers / military | 94 / 76 |
Focus
⚔️ 27.6% · 🌾 72.4%
Steppe Lancer ×31 · Mangudai ×17 · Camel Scout ×16 · Demolition Raft ×6 · Fishing Ship ×4 · Mangonel ×3
Feudal
16:06
Castle
28:59
Imperial
35:01
| APM avg | 30.6 |
| APM peak | 67 |
| eAPM avg | 19.8 |
| Villagers / military | 74 / 109 |
Focus
⚔️ 36.3% · 🌾 63.7%
Skirmisher ×46 · Fishing Ship ×39 · Spearman ×29 · Fire Galley ×12 · Trebuchet (Packed) ×10 · Archer ×8
Feudal
16:02
Castle
34:15
Imperial
—
| APM avg | 21.5 |
| APM peak | 71 |
| eAPM avg | 11.2 |
| Villagers / military | 61 / 26 |
Focus
⚔️ 30.9% · 🌾 69.1%
Conquistador ×10 · Fishing Ship ×8 · Scout Cavalry ×7 · Knight ×6 · Demolition Raft ×2 · Spearman ×1
Feudal
14:43
Castle
24:28
Imperial
—
| APM avg | 37.9 |
| APM peak | 111 |
| eAPM avg | 18.6 |
| Villagers / military | 85 / 72 |
Focus
⚔️ 23.6% · 🌾 76.4%
Huskarl ×37 · Militia ×17 · Spearman ×14 · Fishing Ship ×12 · Demolition Raft ×2 · Monk ×2
Match map
Initial resources + every placement click. Lines = walls · curves = elevation contours. ◆ gold · ⬟ stone · ● berries · ✦ relic · ◌ wall gap
Your base· Open — unwalled flank
HectorSquash24's base· Open — 10t gap
LaEle's base· Open — 4t gap
[SotC] Jugg's base· Open — 10t gap
maurodcdc89's base· Open — 5t gap
runningelmi's base· Open — 8t gap
SlappyGJ's base· Open — 13t gap
我要和你嘿嘿嘿's base· Open — 6t gap
Smoothed initial terrain · ◌ = detected wall gap · hover for details
Inputs per minute
— HardGabber - - HectorSquash24
Build order — HardGabber
First 150 of 160 actions detected
| 1:15 | Build | Dock |
| 3:11 | Build | House |
| 3:29 | Build | Town Center |
| 5:48 | Create | Villager (Male) |
| 5:48 | Create | Villager (Male) |
| 5:48 | Create | Villager (Male) |
| 5:48 | Create | Villager (Male) |
| 5:49 | Create | Villager (Male) |
| 6:53 | Create | Villager (Male) |
| 6:53 | Create | Villager (Male) |
| 8:11 | Create | Villager (Male) |
| 8:11 | Create | Villager (Male) |
| 8:22 | Create | Villager (Male) |
| 8:47 | Create | Villager (Male) |
| 8:59 | Build | House |
| 10:08 | Create | Fishing Ship |
| 10:08 | Create | Fishing Ship |
| 10:22 | Create | Villager (Male) ×3 |
| 10:23 | Create | Villager (Male) ×3 |
| 10:45 | Build | House |
| 11:03 | Build | Lumber Camp |
| 11:08 | Create | Villager (Male) |
| 11:53 | Create | Villager (Male) ×3 |
| 11:53 | Create | Villager (Male) ×3 |
| 12:41 | Create | Villager (Male) ×4 |
| 13:06 | Build | Dock |
| 13:21 | Build | House |
| 13:34 | Build | House |
| 14:29 | Create | Fishing Ship ×3 |
| 14:29 | Create | Fishing Ship ×3 |
| 15:21 | Build | Mill |
| 16:06 | Research | Feudal Age |
| 16:12 | Create | Fishing Ship ×3 |
| 17:12 | Build | Farm |
| 17:15 | Build | Farm |
| 17:17 | Build | Farm |
| 17:19 | Build | Farm |
| 17:28 | Build | House |
| 17:31 | Build | House |
| 17:32 | Build | House |
| 18:00 | Create | Fishing Ship ×2 |
| 18:00 | Create | Fishing Ship ×2 |
| 18:16 | Age | Feudal Age |
| 18:38 | Build | Barracks |
| 19:06 | Create | Villager (Male) ×5 |
| 19:07 | Create | Villager (Male) ×5 |
| 19:07 | Create | Villager (Male) ×3 |
| 19:16 | Create | Fishing Ship ×2 |
| 19:16 | Create | Fishing Ship ×2 |
| 20:00 | Build | Blacksmith |
| 20:40 | Create | Villager (Male) |
| 20:40 | Create | Villager (Male) |
| 20:52 | Build | Stable |
| 21:33 | Build | Stable |
| 21:50 | Research | Castle Age |
| 22:18 | Build | Stable |
| 22:26 | Create | Villager (Male) ×5 |
| 22:26 | Create | Villager (Male) ×5 |
| 22:26 | Create | Villager (Male) ×5 |
| 22:27 | Create | Villager (Male) ×3 |
| 22:59 | Create | Unit 2626 ×2 |
| 23:07 | Create | Villager (Male) |
| 23:14 | Create | Scout Cavalry ×2 |
| 23:14 | Create | Scout Cavalry ×2 |
| 23:40 | Create | Scout Cavalry ×2 |
| 24:18 | Build | House |
| 24:19 | Build | House |
| 24:29 | Create | Fire Galley ×3 |
| 24:30 | Age | Castle Age |
| 24:36 | Create | Villager (Male) |
| 24:36 | Create | Villager (Male) |
| 25:25 | Research | Scale Barding Armor |
| 25:26 | Research | Forging |
| 25:29 | Create | Villager (Male) |
| 25:29 | Create | Villager (Male) |
| 25:39 | Build | Town Center |
| 25:50 | Create | Villager (Male) ×2 |
| 25:51 | Create | Villager (Male) ×2 |
| 26:40 | Create | Villager (Male) ×2 |
| 26:41 | Create | Villager (Male) ×2 |
| 26:57 | Create | Knight ×2 |
| 26:57 | Create | Knight ×2 |
| 26:57 | Create | Knight ×2 |
| 27:27 | Create | Spearman ×2 |
| 27:53 | Create | Villager (Male) ×3 |
| 28:11 | Create | Villager (Male) |
| 28:11 | Create | Villager (Male) |
| 28:52 | Research | Squires |
| 29:38 | Build | Siege Workshop |
| 29:44 | Build | Siege Workshop |
| 29:46 | Build | Siege Workshop |
| 29:55 | Build | Farm |
| 29:56 | Build | Farm |
| 30:00 | Create | Villager (Male) ×5 |
| 30:01 | Create | Villager (Male) ×5 |
| 30:01 | Create | Villager (Male) ×5 |
| 30:06 | Build | House |
| 31:14 | Build | House |
| 31:15 | Build | House |
| 31:16 | Build | House |
| 31:18 | Build | House |
| 31:19 | Build | House |
| 31:20 | Build | House |
| 32:25 | Build | Farm |
| 32:27 | Build | Farm |
| 32:58 | Create | Mangonel ×3 |
| 33:35 | Build | Castle |
| 33:38 | Build | House |
| 33:40 | Build | House |
| 33:42 | Build | House |
| 33:46 | Build | House |
| 34:20 | Build | Lumber Camp |
| 35:20 | Create | Mangonel ×2 |
| 36:26 | Build | University |
| 36:34 | Build | Farm |
| 36:36 | Build | Farm |
| 36:37 | Build | Farm |
| 36:43 | Create | Villager (Male) ×5 |
| 36:43 | Create | Villager (Male) ×5 |
| 36:43 | Create | Villager (Male) ×5 |
| 36:44 | Create | Villager (Male) ×5 |
| 37:02 | Create | Knight ×5 |
| 37:02 | Create | Knight ×5 |
| 37:02 | Create | Knight ×5 |
| 40:42 | Research | Imperial Age |
| 41:20 | Build | Mining Camp |
| 41:32 | Research | Husbandry |
| 41:33 | Create | Knight ×5 |
| 41:33 | Create | Knight |
| 41:33 | Create | Knight |
| 42:03 | Research | Chain Barding Armor |
| 42:25 | Create | Villager (Male) ×2 |
| 42:25 | Create | Villager (Male) ×2 |
| 42:35 | Build | House |
| 42:37 | Build | House |
| 42:37 | Build | House |
| 42:38 | Build | House |
| 42:38 | Build | House |
| 42:38 | Build | House |
| 42:42 | Build | House |
| 42:50 | Build | Stable |
| 42:52 | Build | Stable |
| 43:22 | Research | Iron Casting |
| 43:56 | Age | Imperial Age |
| 44:32 | Build | Castle |
| 44:40 | Build | Mining Camp |
| 46:20 | Research | Cavalier (upgrade) |
| 46:20 | Create | Knight ×5 |
| 46:21 | Create | Knight ×2 |
| 46:21 | Create | Knight ×2 |
Build order — HectorSquash24
First 150 of 261 actions detected
| 0:09 | Build | Town Center |
| 0:15 | Build | House |
| 0:17 | Build | House |
| 2:04 | Build | Mill |
| 2:44 | Create | Villager (Male) ×4 |
| 3:48 | Create | Villager (Male) |
| 4:26 | Create | Villager (Male) |
| 5:00 | Create | Villager (Male) |
| 5:39 | Create | Villager (Male) |
| 6:01 | Create | Villager (Male) |
| 6:10 | Build | House |
| 6:12 | Build | House |
| 6:33 | Create | Villager (Male) |
| 6:33 | Create | Villager (Male) |
| 7:12 | Create | Villager (Male) |
| 7:56 | Create | Villager (Male) |
| 7:56 | Create | Villager (Male) |
| 8:22 | Create | Villager (Male) |
| 8:34 | Create | Villager (Male) |
| 8:46 | Build | Dock |
| 8:52 | Create | Villager (Male) |
| 9:24 | Build | House |
| 9:25 | Build | House |
| 9:31 | Create | Fishing Ship |
| 9:49 | Create | Villager (Male) |
| 9:49 | Create | Villager (Male) |
| 10:31 | Build | Mill |
| 10:46 | Create | Villager (Male) |
| 10:51 | Create | Villager (Male) |
| 11:13 | Create | Villager (Male) |
| 11:23 | Create | Fishing Ship |
| 11:44 | Create | Villager (Male) |
| 11:53 | Create | Fishing Ship |
| 12:03 | Create | Villager (Male) |
| 12:50 | Research | Feudal Age |
| 13:06 | Build | Lumber Camp |
| 13:14 | Build | Mining Camp |
| 13:25 | Create | Villager (Male) |
| 13:56 | Build | Dock |
| 14:01 | Create | Fishing Ship |
| 14:09 | Age | Feudal Age |
| 14:13 | Research | Double-Bit Axe |
| 14:20 | Create | Fire Galley |
| 14:27 | Create | Villager (Male) |
| 14:27 | Create | Villager (Male) |
| 14:44 | Create | Fire Galley |
| 14:53 | Create | Villager (Male) |
| 14:53 | Create | Villager (Male) |
| 14:56 | Research | Tech 906 |
| 15:00 | Create | Unit 2626 |
| 15:07 | Build | House |
| 15:08 | Build | House |
| 15:26 | Build | Mining Camp |
| 15:32 | Create | Villager (Male) |
| 15:50 | Create | Villager (Male) |
| 15:50 | Create | Villager (Male) |
| 15:57 | Create | Fishing Ship |
| 16:03 | Build | Fish Trap |
| 16:07 | Build | Fish Trap |
| 16:11 | Build | Fish Trap |
| 16:13 | Build | Fish Trap |
| 16:35 | Create | Villager (Male) |
| 17:13 | Create | Fishing Ship |
| 17:14 | Create | Fishing Ship |
| 17:15 | Create | Fishing Ship |
| 17:16 | Create | Fishing Ship |
| 17:16 | Create | Fishing Ship |
| 17:34 | Build | House |
| 17:35 | Build | House |
| 17:35 | Build | House |
| 17:35 | Build | House |
| 17:36 | Build | House |
| 17:41 | Create | Villager (Male) |
| 17:41 | Create | Villager (Male) |
| 17:59 | Build | House |
| 18:01 | Build | House |
| 18:10 | Build | Fish Trap |
| 18:15 | Build | Fish Trap |
| 18:31 | Build | Dock |
| 18:36 | Create | Villager (Male) |
| 18:36 | Create | Villager (Male) |
| 18:58 | Build | Fish Trap |
| 19:17 | Create | Unit 2626 ×5 |
| 19:40 | Create | Villager (Male) |
| 19:56 | Build | Watch Tower |
| 20:47 | Create | Fishing Ship ×5 |
| 21:08 | Build | Dock |
| 21:14 | Build | Dock |
| 21:58 | Create | Fishing Ship ×5 |
| 22:02 | Build | Fish Trap |
| 22:05 | Build | Fish Trap |
| 22:09 | Build | Fish Trap |
| 22:35 | Build | Blacksmith |
| 22:40 | Build | Market |
| 23:01 | Build | House |
| 23:02 | Build | House |
| 23:02 | Build | House |
| 23:26 | Research | Castle Age |
| 24:04 | Build | Mill |
| 24:12 | Build | Mining Camp |
| 24:22 | Build | Fish Trap |
| 24:25 | Build | Fish Trap |
| 25:02 | Age | Castle Age |
| 25:14 | Build | Castle |
| 26:09 | Create | Karambit Warrior ×5 |
| 26:09 | Create | Karambit Warrior ×5 |
| 26:10 | Create | Karambit Warrior ×5 |
| 26:25 | Build | Town Center |
| 26:30 | Build | Town Center |
| 26:38 | Create | Villager (Male) |
| 26:38 | Create | Villager (Male) |
| 27:43 | Create | Villager (Male) |
| 27:43 | Create | Villager (Male) |
| 29:11 | Build | Town Center |
| 29:15 | Research | Thalassocracy |
| 29:29 | Build | Barracks |
| 29:49 | Create | Villager (Male) |
| 29:49 | Create | Villager (Male) |
| 29:49 | Create | Villager (Male) |
| 29:50 | Create | Villager (Male) |
| 29:56 | Research | Coinage |
| 30:03 | Research | Gillnets |
| 30:07 | Build | Fish Trap |
| 30:10 | Build | Fish Trap |
| 30:13 | Create | Fishing Ship ×5 |
| 30:17 | Create | Villager (Male) |
| 30:18 | Create | Villager (Male) |
| 30:47 | Research | Bow Saw |
| 31:05 | Create | Villager (Male) |
| 31:06 | Create | Villager (Male) |
| 31:06 | Create | Villager (Male) |
| 31:12 | Create | Villager (Male) |
| 31:12 | Create | Villager (Male) |
| 31:41 | Create | Villager (Male) |
| 31:41 | Create | Villager (Male) |
| 31:45 | Create | Villager (Male) |
| 31:45 | Create | Villager (Male) |
| 31:45 | Create | Villager (Male) |
| 31:46 | Create | Villager (Male) |
| 32:21 | Create | Villager (Male) |
| 32:21 | Create | Villager (Male) |
| 32:41 | Build | Stable |
| 32:42 | Build | Stable |
| 32:50 | Research | Imperial Age |
| 33:04 | Research | Pikeman (upgrade) |
| 33:04 | Research | Squires |
| 33:10 | Build | Stable |
| 33:31 | Create | Unit 2626 ×3 |
| 33:50 | Create | Unit 2626 ×2 |
| 34:16 | Build | Fish Trap |
Build order — LaEle
First 150 of 389 actions detected
| 0:26 | Build | House |
| 0:41 | Build | Town Center |
| 2:26 | Build | Dock |
| 2:29 | Build | House |
| 3:02 | Create | Villager (Male) |
| 3:03 | Create | Villager (Male) |
| 3:03 | Create | Villager (Male) |
| 3:03 | Create | Villager (Male) |
| 3:04 | Create | Villager (Male) |
| 3:12 | Research | Loom |
| 4:05 | Create | Fishing Ship |
| 4:53 | Create | Fishing Ship |
| 5:10 | Create | Villager (Male) |
| 5:51 | Build | Mill |
| 6:04 | Create | Villager (Male) |
| 6:50 | Create | Fishing Ship |
| 6:55 | Create | Villager (Male) |
| 7:23 | Create | Villager (Male) |
| 7:28 | Build | House |
| 7:43 | Create | Villager (Male) |
| 7:43 | Create | Villager (Male) |
| 7:44 | Create | Villager (Male) |
| 8:03 | Create | Villager (Male) |
| 8:03 | Create | Villager (Male) |
| 8:25 | Create | Fishing Ship |
| 8:26 | Create | Villager (Male) |
| 8:44 | Create | Villager (Male) |
| 8:52 | Build | House |
| 9:07 | Create | Fishing Ship |
| 9:17 | Create | Villager (Male) |
| 9:28 | Create | Villager (Male) |
| 9:38 | Create | Villager (Male) |
| 9:48 | Create | Villager (Male) |
| 9:59 | Create | Villager (Male) |
| 10:06 | Create | Fishing Ship |
| 10:07 | Create | Villager (Male) |
| 10:07 | Create | Villager (Male) |
| 10:28 | Create | Villager (Male) |
| 10:29 | Create | Villager (Male) |
| 10:39 | Create | Fishing Ship |
| 10:44 | Build | House |
| 11:14 | Create | Villager (Male) |
| 11:48 | Research | Feudal Age |
| 11:58 | Build | House |
| 12:01 | Create | Villager (Male) |
| 12:16 | Build | Mining Camp |
| 12:33 | Build | Lumber Camp |
| 13:32 | Build | Barracks |
| 14:09 | Age | Feudal Age |
| 14:11 | Create | Villager (Male) |
| 14:12 | Create | Villager (Male) |
| 14:12 | Create | Villager (Male) |
| 14:12 | Create | Villager (Male) |
| 14:16 | Build | Archery Range |
| 14:20 | Research | Double-Bit Axe |
| 14:44 | Build | House |
| 15:00 | Create | Archer |
| 15:05 | Create | Villager (Male) |
| 15:09 | Build | Archery Range |
| 15:12 | Create | Archer |
| 15:14 | Create | Villager (Male) |
| 15:14 | Create | Villager (Male) |
| 15:28 | Build | Palisade Wall |
| 15:31 | Create | Villager (Male) |
| 15:39 | Create | Archer |
| 15:40 | Create | Villager (Male) |
| 15:41 | Create | Villager (Male) |
| 15:41 | Create | Villager (Male) |
| 15:57 | Build | Blacksmith |
| 15:59 | Create | Villager (Male) |
| 15:59 | Create | Villager (Male) |
| 16:05 | Create | Archer |
| 16:19 | Create | Archer |
| 16:21 | Create | Villager (Male) |
| 16:21 | Create | Villager (Male) |
| 16:28 | Build | House |
| 17:02 | Create | Villager (Male) |
| 17:04 | Build | Farm |
| 17:05 | Build | Farm |
| 17:10 | Build | Farm |
| 17:11 | Create | Villager (Male) |
| 17:14 | Build | Farm |
| 17:17 | Build | Farm |
| 17:27 | Research | Fletching |
| 17:33 | Build | Farm |
| 17:35 | Build | Farm |
| 17:37 | Build | Farm |
| 18:48 | Create | Archer |
| 18:48 | Create | Archer |
| 18:49 | Create | Archer |
| 18:49 | Create | Villager (Male) |
| 18:50 | Create | Villager (Male) |
| 18:50 | Create | Villager (Male) |
| 18:53 | Build | Farm |
| 18:54 | Build | Farm |
| 18:55 | Build | Farm |
| 19:00 | Build | House |
| 19:01 | Build | House |
| 19:50 | Research | Castle Age |
| 20:06 | Research | Padded Archer Armor |
| 20:23 | Create | Villager (Male) |
| 20:44 | Build | House |
| 22:00 | Research | Wheelbarrow |
| 22:31 | Age | Castle Age |
| 22:38 | Build | Town Center |
| 22:39 | Create | Villager (Male) |
| 22:39 | Create | Villager (Male) |
| 23:04 | Build | Town Center |
| 23:16 | Create | Villager (Male) |
| 23:17 | Create | Villager (Male) |
| 23:21 | Build | House |
| 23:22 | Build | House |
| 23:24 | Build | House |
| 23:25 | Build | House |
| 23:28 | Build | House |
| 23:29 | Build | House |
| 24:46 | Research | Hand Cart |
| 24:47 | Create | Villager (Male) |
| 24:47 | Create | Villager (Male) |
| 24:48 | Create | Villager (Male) |
| 24:48 | Create | Villager (Male) |
| 24:48 | Create | Villager (Male) |
| 24:50 | Build | Farm |
| 24:53 | Create | Villager (Male) |
| 24:53 | Create | Villager (Male) |
| 24:53 | Create | Villager (Male) |
| 25:01 | Create | Villager (Male) |
| 25:01 | Create | Villager (Male) |
| 25:15 | Create | Villager (Male) |
| 25:15 | Create | Villager (Male) |
| 25:38 | Build | Market |
| 25:40 | Create | Villager (Male) |
| 25:40 | Create | Villager (Male) |
| 25:44 | Create | Villager (Male) |
| 25:44 | Create | Villager (Male) |
| 25:50 | Create | Villager (Male) |
| 25:50 | Create | Villager (Male) |
| 26:09 | Create | Villager (Male) |
| 26:15 | Research | Gold Mining |
| 26:18 | Create | Villager (Male) |
| 26:19 | Create | Villager (Male) |
| 26:35 | Build | Town Center |
| 26:43 | Create | Villager (Male) |
| 26:43 | Create | Villager (Male) |
| 26:49 | Create | Villager (Male) |
| 26:49 | Create | Villager (Male) |
| 26:52 | Create | Villager (Male) |
| 26:52 | Create | Villager (Male) |
| 26:55 | Research | Bow Saw |
| 27:03 | Create | Villager (Male) |
Build order — [SotC] Jugg
First 150 of 169 actions detected
| 1:42 | Build | Town Center |
| 3:19 | Build | House |
| 5:26 | Build | House |
| 5:32 | Create | Villager (Male) |
| 5:32 | Create | Villager (Male) |
| 5:33 | Create | Villager (Male) |
| 5:34 | Create | Villager (Male) |
| 5:35 | Create | Villager (Male) |
| 7:02 | Create | Villager (Male) |
| 7:03 | Create | Villager (Male) |
| 7:31 | Build | Dock |
| 7:39 | Create | Villager (Male) |
| 7:39 | Create | Villager (Male) |
| 7:54 | Create | Villager (Male) |
| 8:30 | Research | Loom |
| 8:53 | Create | Villager (Male) |
| 9:13 | Build | House |
| 9:22 | Create | Villager (Male) |
| 9:22 | Create | Villager (Male) |
| 9:22 | Create | Villager (Male) |
| 10:13 | Create | Villager (Male) |
| 11:06 | Create | Villager (Male) |
| 11:15 | Create | Villager (Male) |
| 11:22 | Create | Fishing Ship |
| 11:22 | Create | Fishing Ship |
| 11:22 | Create | Fishing Ship |
| 11:55 | Create | Villager (Male) |
| 11:55 | Create | Villager (Male) |
| 12:06 | Build | House |
| 12:08 | Build | House |
| 12:26 | Create | Villager (Male) |
| 12:37 | Build | Mill |
| 13:01 | Create | Villager (Male) |
| 13:01 | Create | Villager (Male) |
| 13:38 | Create | Villager (Male) |
| 13:39 | Create | Villager (Male) |
| 14:05 | Build | House |
| 14:17 | Create | Villager (Male) |
| 14:22 | Create | Fishing Ship |
| 14:23 | Create | Fishing Ship |
| 14:50 | Build | Mining Camp |
| 14:53 | Create | Villager (Male) |
| 15:52 | Research | Feudal Age |
| 17:29 | Create | Villager (Male) |
| 17:30 | Create | Villager (Male) |
| 17:31 | Create | Villager (Male) |
| 18:02 | Age | Feudal Age |
| 18:09 | Build | Market |
| 18:12 | Build | Blacksmith |
| 19:01 | Research | Castle Age |
| 19:11 | Build | House |
| 19:29 | Build | Lumber Camp |
| 19:41 | Build | House |
| 20:21 | Research | Fletching |
| 20:22 | Research | Padded Archer Armor |
| 20:27 | Research | Double-Bit Axe |
| 21:58 | Age | Castle Age |
| 22:27 | Build | Castle |
| 22:35 | Build | House |
| 22:42 | Build | House |
| 22:59 | Create | Villager (Male) |
| 23:00 | Create | Villager (Male) |
| 23:00 | Create | Villager (Male) |
| 23:12 | Research | Bodkin Arrow |
| 23:12 | Research | Leather Archer Armor |
| 23:58 | Build | Barracks |
| 24:07 | Research | Horse Collar |
| 24:16 | Create | Rattan Archer ×2 |
| 24:16 | Create | Rattan Archer ×2 |
| 24:24 | Research | Scale Mail Armor |
| 24:24 | Research | Forging |
| 24:41 | Research | Squires |
| 24:58 | Build | Farm |
| 24:58 | Build | Farm |
| 24:58 | Build | Farm |
| 24:59 | Build | Farm |
| 24:59 | Build | Farm |
| 24:59 | Build | Farm |
| 24:59 | Build | Farm |
| 25:00 | Build | Farm |
| 25:08 | Create | Fire Lancer |
| 25:16 | Create | Rattan Archer |
| 25:42 | Create | Rattan Archer |
| 25:51 | Create | Villager (Male) |
| 26:08 | Create | Villager (Male) |
| 26:25 | Create | Rattan Archer |
| 26:30 | Research | Arson |
| 26:42 | Build | Farm |
| 26:50 | Create | Villager (Male) |
| 26:50 | Create | Villager (Male) |
| 28:45 | Create | Villager (Male) |
| 28:45 | Create | Villager (Male) |
| 28:46 | Create | Villager (Male) |
| 28:58 | Build | Castle |
| 29:16 | Build | Siege Workshop |
| 30:12 | Create | Rattan Archer ×5 |
| 31:37 | Create | Battering Ram ×2 |
| 31:49 | Create | Rattan Archer |
| 32:20 | Build | Mining Camp |
| 32:40 | Create | Rattan Archer |
| 32:57 | Create | Villager (Male) |
| 32:57 | Create | Villager (Male) |
| 32:58 | Create | Villager (Male) |
| 32:58 | Create | Villager (Male) |
| 33:15 | Create | Rattan Archer |
| 33:54 | Create | Rattan Archer ×3 |
| 34:07 | Create | Villager (Male) |
| 34:07 | Create | Villager (Male) |
| 34:08 | Create | Villager (Male) |
| 34:19 | Build | Castle |
| 34:38 | Build | Lumber Camp |
| 34:44 | Create | Villager (Male) |
| 34:44 | Create | Villager (Male) |
| 34:50 | Create | Rattan Archer |
| 35:26 | Create | Villager (Male) |
| 35:26 | Create | Villager (Male) |
| 35:27 | Create | Villager (Male) |
| 35:31 | Research | Bow Saw |
| 35:55 | Create | Rattan Archer ×5 |
| 36:29 | Build | Barracks |
| 37:34 | Create | Villager (Male) |
| 37:34 | Create | Villager (Male) |
| 37:35 | Create | Villager (Male) |
| 37:35 | Create | Villager (Male) |
| 38:12 | Research | Heavy Plow |
| 38:13 | Create | Villager (Male) |
| 38:13 | Create | Villager (Male) |
| 38:14 | Create | Villager (Male) |
| 38:27 | Create | Rattan Archer ×5 |
| 38:40 | Create | Battering Ram ×4 |
| 39:10 | Create | Villager (Male) |
| 39:10 | Create | Villager (Male) |
| 39:11 | Create | Villager (Male) |
| 39:17 | Build | Town Center |
| 40:05 | Create | Villager (Male) |
| 40:05 | Create | Villager (Male) |
| 40:05 | Create | Villager (Male) |
| 40:06 | Create | Villager (Male) |
| 40:08 | Build | Farm |
| 40:11 | Build | Farm |
| 40:16 | Build | Town Center |
| 41:16 | Create | Villager (Male) |
| 41:40 | Build | Town Center |
| 41:59 | Build | Farm |
| 41:59 | Build | Farm |
| 41:59 | Build | Farm |
| 42:00 | Build | Farm |
| 42:00 | Build | Farm |
| 42:00 | Build | Farm |
| 42:00 | Build | Farm |
Build order — maurodcdc89
First 150 of 250 actions detected
| 1:19 | Build | Town Center |
| 3:53 | Create | Villager (Male) |
| 3:53 | Create | Villager (Male) |
| 3:53 | Create | Villager (Male) |
| 3:54 | Create | Villager (Male) |
| 3:54 | Create | Villager (Male) |
| 4:20 | Build | House |
| 4:21 | Build | House |
| 5:58 | Build | Mill |
| 6:14 | Create | Villager (Male) |
| 6:15 | Create | Villager (Male) |
| 6:15 | Create | Villager (Male) |
| 7:04 | Create | Villager (Male) |
| 7:04 | Create | Villager (Male) |
| 7:45 | Create | Villager (Male) |
| 7:45 | Create | Villager (Male) |
| 8:31 | Create | Villager (Male) |
| 8:31 | Create | Villager (Male) |
| 8:31 | Create | Villager (Male) |
| 8:54 | Build | House |
| 8:56 | Build | House |
| 9:30 | Create | Villager (Male) |
| 9:31 | Create | Villager (Male) |
| 9:31 | Create | Villager (Male) |
| 9:41 | Create | Villager (Male) |
| 9:45 | Create | Villager (Male) |
| 9:46 | Create | Villager (Male) |
| 9:47 | Create | Villager (Male) |
| 9:48 | Create | Villager (Male) |
| 9:57 | Create | Villager (Male) |
| 9:58 | Create | Villager (Male) |
| 11:15 | Create | Villager (Male) |
| 11:18 | Build | House |
| 11:33 | Build | Dock |
| 11:36 | Create | Villager (Male) |
| 12:01 | Create | Villager (Male) |
| 12:01 | Create | Villager (Male) |
| 13:09 | Create | Villager (Male) |
| 13:10 | Create | Villager (Male) |
| 13:59 | Build | Barracks |
| 14:43 | Research | Feudal Age |
| 15:04 | Build | House |
| 15:47 | Create | Villager (Male) |
| 15:47 | Create | Villager (Male) |
| 15:47 | Create | Villager (Male) |
| 16:18 | Build | Farm |
| 16:23 | Build | Farm |
| 16:28 | Build | Farm |
| 17:31 | Age | Feudal Age |
| 17:36 | Build | Stable |
| 17:50 | Create | Villager (Male) |
| 17:53 | Build | Farm |
| 18:23 | Build | Mill |
| 19:07 | Build | Blacksmith |
| 19:32 | Create | Villager (Male) |
| 19:37 | Research | Castle Age |
| 19:50 | Build | Lumber Camp |
| 20:12 | Build | House |
| 20:14 | Build | House |
| 21:00 | Create | Villager (Male) |
| 21:01 | Create | Villager (Male) |
| 21:01 | Create | Villager (Male) |
| 21:08 | Research | Double-Bit Axe |
| 21:22 | Create | Villager (Male) |
| 21:40 | Build | Stable |
| 22:04 | Create | Fishing Ship |
| 22:20 | Create | Demolition Raft |
| 22:37 | Age | Castle Age |
| 22:41 | Create | Steppe Lancer |
| 22:41 | Create | Steppe Lancer |
| 22:41 | Create | Steppe Lancer |
| 22:41 | Create | Steppe Lancer |
| 22:42 | Create | Steppe Lancer |
| 22:42 | Create | Steppe Lancer |
| 22:42 | Create | Steppe Lancer |
| 22:42 | Create | Steppe Lancer |
| 22:56 | Build | Mill |
| 23:10 | Build | Farm |
| 23:14 | Create | Villager (Male) |
| 23:24 | Create | Demolition Raft |
| 23:34 | Create | Fishing Ship |
| 23:34 | Create | Fishing Ship |
| 23:34 | Create | Fishing Ship |
| 23:52 | Create | Demolition Raft |
| 23:58 | Create | Steppe Lancer |
| 23:58 | Create | Steppe Lancer |
| 23:58 | Create | Steppe Lancer |
| 23:59 | Create | Steppe Lancer |
| 24:03 | Build | House |
| 24:04 | Build | House |
| 24:17 | Create | Villager (Male) |
| 24:17 | Create | Villager (Male) |
| 24:26 | Build | Farm |
| 24:40 | Create | Steppe Lancer |
| 24:40 | Create | Steppe Lancer |
| 24:41 | Create | Steppe Lancer |
| 25:18 | Build | House |
| 25:20 | Build | House |
| 25:23 | Create | Villager (Male) |
| 25:25 | Create | Villager (Male) |
| 25:29 | Create | Steppe Lancer |
| 25:29 | Create | Steppe Lancer |
| 25:29 | Create | Steppe Lancer |
| 25:30 | Create | Steppe Lancer |
| 25:49 | Build | House |
| 25:50 | Build | House |
| 26:02 | Build | Mining Camp |
| 26:07 | Create | Villager (Male) |
| 28:32 | Build | Siege Workshop |
| 28:40 | Create | Villager (Male) |
| 28:40 | Create | Villager (Male) |
| 28:41 | Create | Villager (Male) |
| 28:41 | Create | Villager (Male) |
| 28:58 | Build | Town Center |
| 30:12 | Build | Castle |
| 30:22 | Create | Villager (Male) |
| 30:22 | Create | Villager (Male) |
| 30:26 | Research | Wheelbarrow |
| 31:09 | Create | Camel Scout |
| 31:10 | Create | Camel Scout |
| 31:10 | Create | Camel Scout |
| 31:10 | Create | Camel Scout |
| 31:10 | Create | Camel Scout |
| 31:12 | Create | Camel Scout |
| 31:18 | Create | Villager (Male) |
| 31:18 | Create | Villager (Male) |
| 31:19 | Create | Villager (Male) |
| 32:08 | Research | Fletching |
| 32:13 | Research | Padded Archer Armor |
| 32:14 | Research | Forging |
| 32:17 | Create | Camel Scout |
| 32:17 | Create | Camel Scout |
| 32:17 | Create | Camel Scout |
| 32:31 | Build | Farm |
| 32:32 | Build | Farm |
| 32:40 | Create | Demolition Raft |
| 32:42 | Create | Demolition Raft |
| 32:42 | Create | Demolition Raft |
| 32:52 | Build | Mill |
| 33:47 | Build | Siege Workshop |
| 34:01 | Research | Bodkin Arrow |
| 34:17 | Create | Mangudai |
| 34:17 | Create | Mangudai |
| 34:17 | Create | Mangudai |
| 34:18 | Create | Mangudai |
| 34:44 | Create | Villager (Male) |
| 34:45 | Create | Villager (Male) |
| 34:45 | Create | Villager (Male) |
| 34:45 | Create | Villager (Male) |
| 34:50 | Build | Farm |
Build order — runningelmi
First 150 of 322 actions detected
| 0:21 | Build | Town Center |
| 2:32 | Build | House |
| 2:33 | Build | House |
| 2:38 | Create | Villager (Male) |
| 2:38 | Create | Villager (Male) |
| 2:38 | Create | Villager (Male) |
| 2:39 | Create | Villager (Male) |
| 4:24 | Create | Villager (Male) |
| 4:25 | Create | Villager (Male) |
| 4:25 | Create | Villager (Male) |
| 5:08 | Create | Villager (Male) |
| 5:08 | Create | Villager (Male) |
| 5:08 | Create | Villager (Male) |
| 5:31 | Create | Villager (Male) |
| 5:31 | Create | Villager (Male) |
| 5:51 | Build | Dock |
| 6:23 | Create | Villager (Male) |
| 6:23 | Create | Villager (Male) |
| 6:24 | Create | Villager (Male) |
| 6:24 | Create | Villager (Male) |
| 6:36 | Create | Fishing Ship |
| 6:36 | Create | Fishing Ship |
| 6:37 | Create | Fishing Ship |
| 6:44 | Create | Villager (Male) |
| 6:44 | Create | Villager (Male) |
| 6:45 | Research | Loom |
| 7:11 | Create | Villager (Male) |
| 7:11 | Create | Villager (Male) |
| 7:26 | Build | House |
| 7:31 | Build | House |
| 8:04 | Create | Villager (Male) |
| 8:04 | Create | Villager (Male) |
| 8:04 | Create | Villager (Male) |
| 8:23 | Create | Fishing Ship |
| 8:24 | Create | Fishing Ship |
| 8:58 | Create | Fishing Ship |
| 9:41 | Create | Villager (Male) |
| 9:41 | Create | Villager (Male) |
| 10:05 | Build | Mining Camp |
| 10:10 | Create | Villager (Male) |
| 10:10 | Create | Villager (Male) |
| 10:15 | Create | Fishing Ship |
| 10:15 | Create | Fishing Ship |
| 10:16 | Create | Fishing Ship |
| 10:37 | Build | House |
| 10:38 | Build | House |
| 10:39 | Build | House |
| 10:49 | Build | Dock |
| 10:58 | Create | Villager (Male) |
| 10:58 | Create | Villager (Male) |
| 11:10 | Create | Fishing Ship |
| 11:11 | Create | Fishing Ship |
| 11:24 | Build | Lumber Camp |
| 11:37 | Create | Fishing Ship |
| 11:53 | Build | Palisade Wall |
| 12:18 | Build | Barracks |
| 12:43 | Create | Fishing Ship |
| 12:43 | Create | Fishing Ship |
| 13:01 | Create | Fishing Ship |
| 13:01 | Create | Fishing Ship |
| 13:08 | Create | Fishing Ship |
| 13:08 | Create | Fishing Ship |
| 13:43 | Create | Fishing Ship |
| 13:44 | Create | Fishing Ship |
| 13:56 | Research | Feudal Age |
| 14:08 | Create | Fishing Ship |
| 14:08 | Create | Fishing Ship |
| 14:08 | Create | Fishing Ship |
| 14:16 | Build | House |
| 14:17 | Build | House |
| 14:34 | Build | Mining Camp |
| 15:20 | Build | House |
| 15:22 | Build | House |
| 16:06 | Age | Feudal Age |
| 16:10 | Create | Fire Galley |
| 16:11 | Create | Fire Galley |
| 16:11 | Create | Fire Galley |
| 16:11 | Create | Fire Galley |
| 16:11 | Create | Fire Galley |
| 16:19 | Research | Double-Bit Axe |
| 16:23 | Create | Villager (Male) |
| 16:23 | Create | Villager (Male) |
| 16:45 | Build | Archery Range |
| 16:58 | Create | Fire Galley |
| 16:58 | Create | Fire Galley |
| 17:17 | Build | Outpost |
| 17:24 | Research | Wheelbarrow |
| 18:09 | Create | Fishing Ship |
| 18:09 | Create | Fishing Ship |
| 18:09 | Create | Fishing Ship |
| 18:09 | Create | Fishing Ship |
| 18:10 | Create | Fishing Ship |
| 18:20 | Create | Archer |
| 18:20 | Create | Archer |
| 18:20 | Create | Archer |
| 18:20 | Create | Archer |
| 18:21 | Create | Archer |
| 18:21 | Create | Archer |
| 18:37 | Create | Villager (Male) |
| 18:37 | Create | Villager (Male) |
| 18:38 | Create | Villager (Male) |
| 18:38 | Create | Villager (Male) |
| 18:47 | Research | Town Watch |
| 18:50 | Create | Villager (Male) |
| 18:50 | Create | Villager (Male) |
| 18:50 | Create | Villager (Male) |
| 19:17 | Create | Fire Galley |
| 19:17 | Create | Fire Galley |
| 19:17 | Create | Fire Galley |
| 19:18 | Research | Tech 906 |
| 20:17 | Create | Fire Galley |
| 20:18 | Create | Fire Galley |
| 20:35 | Create | Archer |
| 20:36 | Create | Archer |
| 20:44 | Build | Blacksmith |
| 21:51 | Build | Watch Tower |
| 22:03 | Build | House |
| 22:05 | Build | House |
| 22:09 | Create | Villager (Male) |
| 22:10 | Create | Villager (Male) |
| 22:10 | Create | Villager (Male) |
| 22:14 | Create | Fishing Ship |
| 22:14 | Create | Fishing Ship |
| 22:14 | Create | Fishing Ship |
| 22:15 | Create | Fishing Ship |
| 22:15 | Create | Fishing Ship |
| 22:15 | Create | Fishing Ship |
| 22:36 | Create | Spearman |
| 22:36 | Create | Spearman |
| 22:36 | Create | Spearman |
| 22:54 | Research | Fletching |
| 22:54 | Research | Padded Archer Armor |
| 23:11 | Build | Mill |
| 23:30 | Build | Barracks |
| 23:35 | Build | House |
| 23:43 | Build | House |
| 23:44 | Build | House |
| 23:44 | Build | House |
| 23:45 | Build | House |
| 24:43 | Create | Spearman |
| 24:43 | Create | Spearman |
| 24:58 | Build | Market |
| 25:29 | Build | Watch Tower |
| 26:19 | Research | Castle Age |
| 26:50 | Build | Fish Trap |
| 26:51 | Build | Fish Trap |
| 26:51 | Build | Fish Trap |
| 26:51 | Build | Fish Trap |
| 26:52 | Build | Fish Trap |
| 26:53 | Build | Fish Trap |
Build order — SlappyGJ
First 150 of 182 actions detected
| 2:58 | Build | Town Center |
| 3:09 | Build | House |
| 3:11 | Build | House |
| 4:57 | Create | Villager (Male) |
| 4:57 | Create | Villager (Male) |
| 4:57 | Create | Villager (Male) |
| 4:57 | Create | Villager (Male) |
| 5:00 | Research | Loom |
| 6:14 | Create | Villager (Male) |
| 6:14 | Create | Villager (Male) |
| 6:41 | Build | Lumber Camp |
| 7:01 | Create | Villager (Male) |
| 7:02 | Create | Villager (Male) |
| 7:52 | Create | Villager (Male) |
| 8:50 | Build | Dock |
| 9:04 | Create | Villager (Male) |
| 9:05 | Create | Villager (Male) |
| 9:43 | Create | Villager (Male) |
| 9:44 | Create | Villager (Male) |
| 9:52 | Build | House |
| 9:53 | Build | House |
| 10:07 | Create | Villager (Male) |
| 10:08 | Create | Villager (Male) |
| 10:08 | Create | Villager (Male) |
| 11:17 | Create | Villager (Male) |
| 11:39 | Create | Fishing Ship |
| 12:20 | Create | Villager (Male) |
| 12:20 | Create | Villager (Male) |
| 12:20 | Create | Villager (Male) |
| 12:23 | Create | Fishing Ship |
| 12:51 | Create | Fishing Ship |
| 12:53 | Create | Villager (Male) |
| 13:38 | Create | Fishing Ship |
| 13:52 | Research | Feudal Age |
| 14:16 | Build | Mining Camp |
| 14:50 | Build | Mill |
| 15:08 | Build | House |
| 15:09 | Build | House |
| 15:20 | Create | Villager (Male) |
| 15:20 | Create | Villager (Male) |
| 16:01 | Build | Barracks |
| 16:02 | Age | Feudal Age |
| 16:35 | Build | Mining Camp |
| 16:37 | Create | Villager (Male) |
| 16:38 | Create | Villager (Male) |
| 17:24 | Create | Fishing Ship |
| 17:33 | Build | Stone Wall |
| 17:38 | Create | Villager (Male) |
| 18:24 | Build | Stable |
| 19:20 | Research | Bloodlines |
| 19:21 | Create | Scout Cavalry |
| 19:21 | Create | Scout Cavalry |
| 20:12 | Build | Watch Tower |
| 20:47 | Create | Villager (Male) |
| 20:47 | Create | Villager (Male) |
| 20:51 | Create | Scout Cavalry |
| 21:52 | Create | Scout Cavalry |
| 21:57 | Create | Villager (Male) |
| 21:58 | Create | Villager (Male) |
| 22:34 | Create | Scout Cavalry |
| 22:34 | Create | Scout Cavalry |
| 23:03 | Build | Blacksmith |
| 23:15 | Build | House |
| 23:16 | Build | House |
| 23:25 | Create | Scout Cavalry |
| 24:31 | Create | Villager (Male) |
| 24:31 | Create | Villager (Male) |
| 24:59 | Create | Villager (Male) |
| 25:01 | Create | Demolition Raft |
| 25:05 | Create | Fishing Ship |
| 25:28 | Create | Villager (Male) |
| 25:29 | Create | Villager (Male) |
| 25:38 | Build | Mill |
| 25:39 | Build | Farm |
| 25:39 | Build | Farm |
| 25:39 | Build | Farm |
| 25:39 | Build | Farm |
| 25:40 | Build | Farm |
| 25:49 | Research | Double-Bit Axe |
| 25:50 | Create | Villager (Male) |
| 25:51 | Create | Villager (Male) |
| 25:52 | Create | Demolition Raft |
| 25:55 | Create | Fishing Ship |
| 25:56 | Create | Fishing Ship |
| 26:15 | Build | Mill |
| 26:29 | Build | Fish Trap |
| 26:30 | Build | Fish Trap |
| 26:32 | Build | Fish Trap |
| 26:33 | Build | Fish Trap |
| 26:33 | Build | Fish Trap |
| 26:34 | Build | Fish Trap |
| 26:36 | Build | Fish Trap |
| 27:06 | Build | Farm |
| 27:06 | Build | Farm |
| 27:06 | Build | Farm |
| 27:14 | Build | Farm |
| 27:15 | Build | Farm |
| 27:18 | Build | Farm |
| 27:18 | Build | Farm |
| 27:22 | Build | Farm |
| 27:33 | Build | Farm |
| 27:40 | Build | Lumber Camp |
| 28:27 | Build | Farm |
| 28:41 | Create | Spearman |
| 29:35 | Build | Stone Wall |
| 30:20 | Create | Villager (Male) |
| 30:20 | Create | Villager (Male) |
| 30:20 | Create | Villager (Male) |
| 30:56 | Build | Stone Wall |
| 31:03 | Build | Stone Wall |
| 31:05 | Build | Stone Wall |
| 31:32 | Research | Castle Age |
| 32:54 | Research | Tech 906 |
| 33:06 | Build | House |
| 33:07 | Build | House |
| 33:08 | Build | House |
| 33:10 | Build | House |
| 33:12 | Build | House |
| 33:14 | Build | House |
| 33:21 | Build | House |
| 33:21 | Build | House |
| 33:23 | Build | House |
| 33:24 | Build | House |
| 33:25 | Build | House |
| 33:26 | Build | House |
| 33:29 | Build | House |
| 33:30 | Build | House |
| 33:32 | Build | House |
| 33:34 | Build | House |
| 33:35 | Build | House |
| 33:36 | Build | House |
| 33:38 | Build | House |
| 33:54 | Research | Wheelbarrow |
| 34:02 | Research | Gold Mining |
| 34:11 | Research | Stone Mining |
| 34:15 | Age | Castle Age |
| 34:35 | Research | Bow Saw |
| 34:44 | Create | Villager (Male) |
| 34:45 | Create | Villager (Male) |
| 34:45 | Create | Villager (Male) |
| 35:26 | Build | Castle |
| 35:38 | Research | Fletching |
| 35:43 | Research | Scale Barding Armor |
| 35:48 | Research | Husbandry |
| 36:03 | Create | Villager (Male) |
| 36:40 | Create | Conquistador |
| 36:40 | Create | Conquistador |
| 37:02 | Create | Conquistador |
| 37:16 | Create | Conquistador |
| 37:47 | Create | Villager (Male) |
Build order — 我要和你嘿嘿嘿
First 150 of 311 actions detected
| 0:12 | Build | Town Center |
| 0:39 | Build | House |
| 0:41 | Build | House |
| 0:46 | Build | House |
| 0:47 | Build | House |
| 2:08 | Build | Outpost |
| 2:59 | Create | Villager (Male) |
| 2:59 | Create | Villager (Male) |
| 3:16 | Create | Villager (Male) |
| 3:17 | Create | Villager (Male) |
| 4:38 | Create | Villager (Male) |
| 5:03 | Create | Villager (Male) |
| 5:04 | Create | Villager (Male) |
| 5:31 | Create | Villager (Male) |
| 5:31 | Create | Villager (Male) |
| 5:46 | Build | Mill |
| 6:03 | Research | Loom |
| 6:35 | Create | Villager (Male) |
| 6:36 | Create | Villager (Male) |
| 7:06 | Create | Villager (Male) |
| 7:06 | Create | Villager (Male) |
| 7:42 | Create | Villager (Male) |
| 7:42 | Create | Villager (Male) |
| 7:51 | Build | Dock |
| 8:44 | Create | Villager (Male) |
| 8:45 | Create | Villager (Male) |
| 8:45 | Create | Villager (Male) |
| 8:45 | Create | Villager (Male) |
| 8:47 | Create | Fishing Ship |
| 8:53 | Build | Mill |
| 9:52 | Create | Villager (Male) |
| 9:52 | Create | Villager (Male) |
| 9:53 | Create | Villager (Male) |
| 10:09 | Create | Fishing Ship |
| 10:29 | Create | Villager (Male) |
| 10:46 | Create | Fishing Ship |
| 11:23 | Create | Fishing Ship |
| 11:26 | Create | Fishing Ship |
| 11:33 | Create | Fishing Ship |
| 11:45 | Build | House |
| 11:46 | Build | House |
| 12:01 | Create | Villager (Male) |
| 12:02 | Create | Villager (Male) |
| 12:33 | Research | Feudal Age |
| 12:43 | Build | Farm |
| 12:47 | Build | Farm |
| 12:52 | Build | Farm |
| 13:01 | Build | Mining Camp |
| 13:25 | Build | House |
| 13:26 | Build | House |
| 13:27 | Build | House |
| 13:36 | Create | Villager (Male) |
| 13:36 | Create | Villager (Male) |
| 13:37 | Create | Villager (Male) |
| 13:54 | Create | Fishing Ship |
| 14:06 | Create | Villager (Male) |
| 14:14 | Build | House |
| 14:18 | Build | House |
| 14:34 | Create | Villager (Male) |
| 14:43 | Age | Feudal Age |
| 14:49 | Research | Wheelbarrow |
| 14:54 | Create | Villager (Male) |
| 14:54 | Create | Villager (Male) |
| 14:54 | Create | Villager (Male) |
| 15:16 | Build | Farm |
| 15:55 | Create | Demolition Raft |
| 15:56 | Create | Demolition Raft |
| 16:02 | Create | Fishing Ship |
| 16:20 | Create | Villager (Male) |
| 16:20 | Create | Villager (Male) |
| 16:32 | Build | Lumber Camp |
| 17:19 | Build | Lumber Camp |
| 17:26 | Create | Villager (Male) |
| 17:52 | Build | Blacksmith |
| 18:06 | Research | Double-Bit Axe |
| 18:11 | Research | Horse Collar |
| 18:16 | Create | Villager (Male) |
| 18:17 | Create | Villager (Male) |
| 18:21 | Build | Farm |
| 18:30 | Build | Farm |
| 18:37 | Create | Villager (Male) |
| 18:37 | Create | Villager (Male) |
| 18:46 | Research | Horse Collar |
| 18:53 | Build | House |
| 18:54 | Build | House |
| 18:56 | Build | House |
| 18:59 | Build | House |
| 19:11 | Build | Mining Camp |
| 19:31 | Create | Villager (Male) |
| 19:32 | Create | Villager (Male) |
| 19:42 | Create | Fishing Ship |
| 19:42 | Create | Fishing Ship |
| 19:43 | Create | Fishing Ship |
| 19:43 | Create | Fishing Ship |
| 20:02 | Build | Lumber Camp |
| 20:38 | Build | Market |
| 20:43 | Research | Gold Mining |
| 20:46 | Research | Stone Mining |
| 20:50 | Create | Villager (Male) |
| 20:50 | Create | Villager (Male) |
| 20:51 | Create | Villager (Male) |
| 20:57 | Build | Farm |
| 21:03 | Build | Farm |
| 21:06 | Build | Farm |
| 21:12 | Build | Farm |
| 21:26 | Build | Lumber Camp |
| 21:31 | Research | Castle Age |
| 21:51 | Build | Farm |
| 22:06 | Create | Villager (Male) |
| 22:06 | Create | Villager (Male) |
| 22:16 | Build | Barracks |
| 22:37 | Create | Villager (Male) |
| 22:37 | Create | Villager (Male) |
| 22:47 | Build | House |
| 22:48 | Build | House |
| 22:49 | Build | House |
| 23:05 | Build | House |
| 23:13 | Build | House |
| 23:30 | Build | Barracks |
| 23:40 | Create | Villager (Male) |
| 23:40 | Create | Villager (Male) |
| 23:59 | Build | Farm |
| 24:09 | Build | Farm |
| 24:09 | Build | Farm |
| 24:10 | Build | Farm |
| 24:10 | Build | Farm |
| 24:11 | Build | Farm |
| 24:13 | Build | Farm |
| 24:17 | Build | Farm |
| 24:24 | Build | Mining Camp |
| 24:28 | Age | Castle Age |
| 24:32 | Research | Pikeman (upgrade) |
| 24:36 | Build | Barracks |
| 24:45 | Create | Villager (Male) |
| 24:46 | Create | Villager (Male) |
| 25:26 | Build | Castle |
| 25:57 | Create | Spearman |
| 25:57 | Create | Spearman |
| 25:59 | Create | Spearman |
| 25:59 | Create | Spearman |
| 26:03 | Build | Barracks |
| 26:05 | Research | Man-at-Arms (upgrade) |
| 26:24 | Create | Villager (Male) |
| 26:24 | Create | Villager (Male) |
| 26:56 | Build | Lumber Camp |
| 27:36 | Build | Barracks |
| 27:39 | Research | Long Swordsman (upgrade) |
| 27:44 | Research | Squires |
| 28:02 | Build | House |
| 28:02 | Build | House |
Match timeline
| 1:15 | HardGabber · first_building Dock |
| 2:26 | LaEle · first_building Dock |
| 5:51 | runningelmi · first_building Dock |
| 7:31 | [SotC] Jugg · first_building Dock |
| 7:51 | 我要和你嘿嘿嘿 · first_building Dock |
| 8:46 | HectorSquash24 · first_building Dock |
| 8:50 | SlappyGJ · first_building Dock |
| 11:33 | maurodcdc89 · first_building Dock |
| 11:53 | runningelmi · wall_segment Palisade Wall x1 |
| 12:18 | runningelmi · first_building Barracks |
| 13:32 | LaEle · first_building Barracks |
| 13:59 | maurodcdc89 · first_building Barracks |
| 14:09 | LaEle · age_up feudal |
| 14:09 | HectorSquash24 · age_up feudal |
| 14:16 | LaEle · first_building Archery Range |
| 14:43 | 我要和你嘿嘿嘿 · age_up feudal |
| 15:28 | LaEle · wall_segment Palisade Wall x1 |
| 16:01 | SlappyGJ · first_building Barracks |
| 16:02 | SlappyGJ · age_up feudal |
| 16:06 | runningelmi · age_up feudal |
| 16:45 | runningelmi · first_building Archery Range |
| 17:31 | maurodcdc89 · age_up feudal |
| 17:33 | SlappyGJ · wall_segment Stone Wall x12 |
| 17:36 | maurodcdc89 · first_building Stable |
| 18:02 | [SotC] Jugg · age_up feudal |
| 18:16 | HardGabber · age_up feudal |
| 18:24 | SlappyGJ · first_building Stable |
| 18:38 | HardGabber · first_building Barracks |
| 20:52 | HardGabber · first_building Stable |
| 21:58 | [SotC] Jugg · age_up castle |
| 22:16 | 我要和你嘿嘿嘿 · first_building Barracks |
| 22:27 | [SotC] Jugg · first_building Castle |
| 22:31 | LaEle · age_up castle |
| 22:37 | maurodcdc89 · age_up castle |
| 23:58 | [SotC] Jugg · first_building Barracks |
| 24:28 | 我要和你嘿嘿嘿 · age_up castle |
| 24:30 | HardGabber · age_up castle |
| 25:02 | HectorSquash24 · age_up castle |
| 25:12 | 我要和你嘿嘿嘿 · first_market_sell 100 food |
| 25:14 | HectorSquash24 · first_building Castle |
| 25:16 | 我要和你嘿嘿嘿 · first_market_buy 100 stone |
| 25:26 | 我要和你嘿嘿嘿 · first_building Castle |
| 26:13 | LaEle · first_market_buy 100 wood |
| 28:32 | maurodcdc89 · first_building Siege Workshop |
| 28:44 | HectorSquash24 · first_market_buy 100 stone |
| 28:45 | LaEle · wall_segment Palisade Wall x1 |
| 28:48 | LaEle · wall_segment Palisade Wall x1 |
| 28:59 | runningelmi · age_up castle |
| 29:03 | runningelmi · first_building Castle |
| 29:16 | [SotC] Jugg · first_building Siege Workshop |
| 29:29 | HectorSquash24 · first_building Barracks |
| 29:35 | SlappyGJ · wall_segment Stone Wall x9 |
| 29:38 | HardGabber · first_building Siege Workshop |
| 30:12 | maurodcdc89 · first_building Castle |
| 30:54 | runningelmi · first_building Siege Workshop |
| 30:56 | SlappyGJ · wall_segment Stone Wall x15 |
| 31:03 | SlappyGJ · wall_segment Stone Wall x10 |
| 31:05 | SlappyGJ · wall_segment Stone Wall x6 |
| 31:13 | LaEle · first_building Castle |
| 31:32 | LaEle · first_building Stable |
| 32:41 | HectorSquash24 · first_building Stable |
| 32:45 | HectorSquash24 · first_market_sell 100 food |
| 33:35 | HardGabber · first_building Castle |
| 34:15 | SlappyGJ · age_up castle |
| 34:44 | HectorSquash24 · age_up imperial |
| 35:01 | runningelmi · age_up imperial |
| 35:26 | SlappyGJ · first_building Castle |
| 35:51 | LaEle · age_up imperial |
| 38:27 | runningelmi · first_market_buy 100 wood |
| 39:05 | 我要和你嘿嘿嘿 · first_building Monastery |
| 41:48 | 我要和你嘿嘿嘿 · first_building Siege Workshop |
| 43:56 | HardGabber · age_up imperial |
| 45:50 | runningelmi · first_building Monastery |
| 46:14 | maurodcdc89 · first_market_buy 100 food |
| 46:47 | LaEle · wall_segment Stone Wall x12 |
| 46:51 | LaEle · wall_segment Stone Wall x7 |
| 47:37 | [SotC] Jugg · age_up imperial |
| 48:02 | [SotC] Jugg · resign |
[ AI ANALYSIS · 1 CREDIT ]
What really happened in this match?
Wolo.gg analyzes every decision: build order, eco, micro, common mistakes by bracket. Personalized analysis on WhatsApp or Discord in 30 seconds.
Civ guide
Franks
Map guide
Nomad
Perfil
Jugador #2566785